 Dungeon Crawl Stone Soup version 0.29.1-13-g9f3cf754e1 (webtiles) character file.

Game seed: 9553816863203573547

79 Exodus22XD the Trooper (level 4, 39/41 HPs)
             Began as a Minotaur Fighter on Feb 3, 2023.
             Was a Follower of Qazlal.
             Quit the game on level 2 of the Dungeon.
             The game lasted 00:01:20 (1509 turns).

Exodus22XD the Trooper (Minotaur Fighter)           Turns: 1509, Time: 00:01:21

Health: 39/41      AC:  9    Str: 23    XL:     4   Next: 17%
Magic:  3/3        EV:  7    Int:  5    God:    Qazlal [*.....]
Gold:   86         SH:  6    Dex:  9    Spells: 3/3 levels left

rFire   . . .      SeeInvis .   a - +0 war axe
rCold   . . .      Faith    .   c - +0 buckler
rNeg    . . .      Spirit   .   n - +0 chain mail
rPois   .          Reflect  .   (helmet restricted)
rElec   .          Harm     .   (no cloak)
rCorr   .          Rampage  .   (no gloves)
Will    .....                   (no boots)
Stlth   ..........              (no amulet)
HPRegen 0.13/turn               (no ring)
MPRegen 0.08/turn               (no ring)

@: no status effects
A: horns 2, retaliatory headbutt
a: Renounce Religion


You were on level 2 of the Dungeon.
You worshipped Qazlal.
Qazlal was aware of your devotion.
You visited 1 branch of the dungeon, and saw 2 of its levels.

You collected 86 gold pieces.

Inventory:

Hand Weapons
 a - a +0 war axe (weapon)
Armour
 c - a +0 buckler (worn)
 n - a +0 chain mail (worn)
Scrolls
 b - 3 scrolls of noise {unknown}
 e - a scroll of brand weapon {unknown}
 h - 2 scrolls of teleportation {unknown}
 i - 2 scrolls of identify {unknown}
 k - a scroll of amnesia {unknown}
 l - a scroll of enchant weapon {unknown}
Potions
 d - a potion of might
 f - a potion of flight {unknown}
 g - a potion of resistance {unknown}
 j - a potion of curing {unknown}
 m - a potion of cancellation {unknown}


   Skills:
 + Level 4.3 Fighting
 + Level 3.7 Axes
 + Level 4.3 Armour
 + Level 4.2 Shields


You had 3 spell levels left.
You didn't know any spells.
Your spell library was empty.

Dungeon Overview and Level Annotations

Branches:
Dungeon (2/15)

Altars:
Qazlal


Innate Abilities, Weirdness & Mutations

You have a pair of horns on your head.
You reflexively headbutt those who attack you in melee.


Message History

You are now surrounded by a storm.
You barely miss the jackal. You hit the jackal.
The jackal bites you but does no damage.
The jackal barely misses you. You furiously retaliate!
You headbutt the jackal!
You kill the jackal!
Qazlal accepts your kill.
The jackal bites you but does no damage.
You closely miss the jackal.
The jackal is moderately wounded.
You miss the jackal.
The jackal bites you but does no damage. x2
You block the jackal's attack.
The jackal bites you but does no damage.
Unknown command.
Press < or > to pray at altars.
You closely miss the jackal.
The jackal is moderately wounded.
You hit the jackal. You barely miss the jackal. The jackal bites you.
The jackal bites you but does no damage. x2
The jackal barely misses you. You block the jackal's attack. x2
Unknown command.
Press < or > to pray at altars.
You closely miss the jackal.
The jackal is moderately wounded.
You barely miss the jackal. You slash the jackal!
You kill the jackal!
Qazlal accepts your kill.
The jackal bites you but does no damage.
The jackal bites you. You block the jackal's attack.
The jackal barely misses you.
You slash the jackal!
You kill the jackal!
Qazlal accepts your kill.
You hit the jackal. The jackal completely misses you. You furiously retaliate!
You headbutt the jackal.
You kill the jackal!
Qazlal accepts your kill.
No target in view!
No target in view!
Are you sure you want to abandon this character and quit the game? (Confirm with "yes".)

#..............##......
#..............##......
#.............. #......
#.........########.....
##.........# #....#.....
#..........# #....#.....
#..........###..........
#..........##...........
#.....†@#####......[..##
#.....†○#...#...........
#...........#...........
#............#...........
#............#...........
#............#...........
#............#...........
#...........##...........
#...........##...######..


There were no monsters in sight!

Vanquished Creatures
  An adder (D:2)
  A worm (D:2)
  2 dart slugs (D:1)
  4 endoplasms
  2 giant cockroaches (D:1)
  4 goblins (D:1)
  4 hobgoblins
  16 jackals
  4 kobolds
  A quokka (D:1)
  5 ball pythons
  6 bats
  A frilled lizard (D:1)
  2 rats (D:1)
53 creatures vanquished.

Notes
Turn   | Place    | Note
-------+----------+-------------------------------------------
     0 | D:1      | Exodus22XD the Minotaur Fighter began the quest for the
                  | Orb.
     0 | D:1      | Reached XP level 1. HP: 19/19 MP: 0/0
   167 | D:1      | Reached XP level 2. HP: 27/27 MP: 1/1
   621 | D:1      | Reached XP level 3. HP: 33/33 MP: 2/2
  1291 | D:2      | Reached XP level 4. HP: 40/40 MP: 3/3
  1489 | D:2      | Found a faded altar of an unknown god.
  1503 | D:2      | Prayed at the altar of an unknown god.
  1503 | D:2      | Became a worshipper of Qazlal Stormbringer
  1503 | D:2      | Reached * piety under Qazlal
  1509 | D:2      | Quit the game

Illustrated notes

Levels and vault maps discovered:
D:1:      eino_arrival_water_star, layout_basic, minmay_misc_feat_enclosed
D:2:      layout_basic, basic_ecumenical_altar, columned_hall_lemuel

Skill      XL: |  1  2  3 |
---------------+----------+-----
Fighting       | 4 |  4.3
Armour         | 4 |  4.3
Shields        | 4 |  4.2
Axes           | 3 |  3.7

Action                   |  1- 3 |  4- 6 || total
-------------------------+-------+-------++-------
Melee: War axe           |    86 |    16 ||   102
       Headbutt          |    13 |     1 ||    14
Armor: Scale mail        |    49 |       ||    49
       Chain mail        |     4 |    18 ||    22
Dodge: Dodged            |    39 |    11 ||    50
Block: Buckler           |    26 |     9 ||    35
